 Dungeon Crawl Stone Soup version 0.27-a0-1219-g958d993ae5 (webtiles) character file.

Game seed: 4837165165339510367

46 polve the Skirmisher (level 3, -2/29 HPs)
             Began as a Demonspawn Abyssal Knight on June 6, 2021.
             Was a Follower of Lugonu.
             Slain by a goblin
             ... wielding a +0 dagger of draining
             ... led by Robin
              (3 damage)
             ... on level 2 of the Dungeon.
             The game lasted 00:01:42 (2447 turns).

polve the Skirmisher (Demonspawn Abyssal Knight)    Turns: 2447, Time: 00:01:42

Health: -2/29      AC:  3    Str: 13    XL:     3   Next: 46%
Magic:  4/4        EV: 11    Int: 13    God:    Lugonu [*.....]
Gold:   3          SH:  0    Dex: 12    Spells: 2/2 levels left

rFire    . . .     SeeInvis .   a - +1 short sword
rCold    . . .     Faith    .   (no shield)
rNeg     . . .     Spirit   .   b - +0 leather armour
rPois    .         Reflect  .   (no helmet)
rElec    .         Harm     .   (no cloak)
rCorr    .         Rampage  .   (no gloves)
Will     .....                  (no boots)
Stlth    +.........             (no amulet)
HPRegen  0.09/turn              (no ring)
MPRegen  0.09/turn              (no ring)

@: confused, lethally poisoned (-2 -> -10), ambrosia-drunk
A: claws 1, foul stench 1
a: Renounce Religion, Depart the Abyss


You were on level 2 of the Dungeon.
You worshipped Lugonu.
Lugonu was aware of your devotion.
You visited 1 branch of the dungeon, and saw 2 of its levels.
You visited the Abyss 1 time.

You collected 3 gold pieces.

Inventory:

Hand Weapons
 a - a +1 short sword (weapon)
Armour
 b - a +0 leather armour (worn)
Scrolls
 c - 2 scrolls of noise {unknown}
 d - a scroll of fog {unknown}
 e - a scroll of teleportation {unknown}
 i - a scroll of identify {unknown}
Potions
 g - 2 potions of resistance
 h - a potion of heal wounds {unknown}


   Skills:
 + Level 3.5 Fighting
 - Level 2.5 Short Blades
 - Level 1.7 Armour
 - Level 0.8 Dodging
 + Level 1.5 Unarmed Combat
 - Level 2.4 Invocations


You had 2 spell levels left.
You didn't know any spells.
Your spell library was empty.

Dungeon Overview and Level Annotations

Branches:
Dungeon (2/15)

Altars:

Shops:
D:2 (

Annotations:
D:2 Robin


Innate Abilities, Weirdness & Mutations

You have sharp fingernails.
You may rarely emit foul miasma when damaged in melee.


Message History

You are too injured to fight recklessly!
You are too injured to fight recklessly!
You are too injured to fight recklessly!
You are too injured to fight recklessly!
You are too injured to fight recklessly!
You are too injured to fight recklessly!
You are too injured to fight recklessly!
You are too injured to fight recklessly!
You are too injured to fight recklessly!
You are too injured to fight recklessly!
You are too injured to fight recklessly!
You are too injured to fight recklessly!
You are too injured to fight recklessly!
You are too injured to fight recklessly!
You are too injured to fight recklessly!
You are too injured to fight recklessly!
You are too injured to fight recklessly!
You are too injured to fight recklessly!
You are too injured to fight recklessly!
You are too injured to fight recklessly!
You are too injured to fight recklessly!
You feel very sick. The goblin hits you but does no damage.
You are more poisoned.
You feel very sick. The goblin hits you but does no damage.
* * * LOW HITPOINT WARNING * * *
You feel very sick.
* * * LOW HITPOINT WARNING * * *
You feel very sick.
* * * LOW HITPOINT WARNING * * *
You feel sick. The goblin closely misses you.
It was a potion of ambrosia.
You are confused.
You feel invigorated.
* * * LOW HITPOINT WARNING * * *
You feel very sick. The goblin closely misses you.
The goblin hits you with a +0 dagger of draining.
You die...

#.#### #....
####.#.##
........########
#####.#....g)..g...
......#....#######.
###.......g.# ..
........gg∩.#.##
...##..@g.....#
###.##.....#.###
.............>...
.#....[<#.....###
##..##).#..#.....
........)#†.#...#.
.≈#.#.#.#.).......
# #.#.###.##...# #
#.# .# .


You could see Robin, 2 hobgoblins and 2 goblins.

Vanquished Creatures
  An adder (D:1)
  3 ball pythons (D:1)
  3 endoplasms (D:1)
  5 goblins
  5 hobgoblins
  8 jackals
  A bat (D:1)
  2 frilled lizards (D:1)
  3 kobolds
  3 rats
34 creatures vanquished.

Notes
Turn   | Place    | Note
-------+----------+-------------------------------------------
     0 | Abyss:1  | polve the Demonspawn Abyssal Knight began the quest for the
                  | Orb.
     0 | Abyss:1  | Reached XP level 1. HP: 18/18 MP: 2/2
    68 | Abyss:1  | Noticed a small abomination
   120 | Abyss:1  | Noticed a large abomination
   133 | D:1      | Escaped the Abyss
   564 | D:1      | Gained mutation: You have sharp fingernails. [demonic
                  | ancestry]
   564 | D:1      | Reached XP level 2. HP: 13/24 MP: 3/3
  1196 | D:1      | Reached * piety under Lugonu
  1475 | D:1      | Reached skill level 1 in Unarmed Combat
  1893 | D:2      | Found Qehydur's Weapon Emporium.
  1903 | D:1      | Gained mutation: You may rarely emit foul miasma when
                  | damaged in melee. [demonic ancestry]
  1903 | D:1      | Reached XP level 3. HP: 22/29 MP: 4/4
  2435 | D:2      | Noticed Robin
  2446 | D:2      | HP: 1/29 [poisoned by a goblin]
  2447 | D:2      | Slain by a goblin

Illustrated notes

Levels and vault maps discovered:
D:1:      eino_arrival_water_star, layout_basic, serial_forest,
          infiniplex_forest_clump_tiny, infiniplex_forest_end_1,
          infiniplex_forest_lined_2, infiniplex_forest_diagonal,
          infiniplex_forest_lined_room_3, infiniplex_forest_end_3,
          infiniplex_forest_end_3
D:2:      layout_basic, basic_ecumenical_altar, serial_shops, shop, shop, shop,
          nicolae_shop_statue_plus, shop, kennysheep_doodads,
          chequers_serial_rivers_micro_d, uniq_sigmund, uniq_robin

Skill      XL: |  1  2 |
---------------+-------+-----
Short Blades   | 2 |  2.5
Unarmed Combat | 1 |  1.5
Fighting       | |  3.5
Armour         | |  1.7
Dodging        | |  0.8
Invocations    | |  2.4

Action                   || total
-------------------------++-------
Melee: Short sword       ||   100
       Punch             ||     1
Invok: Depart the Abyss  ||     1
  Use: Potion            ||     4
 Stab: Sleeping          ||     1
Armor: Leather armour    ||    39
Dodge: Dodged            ||    84

Table legend: (Time is in decaauts)
 A = Elapsed time spent in this place.
 B = Non-inter-level travel time spent in this place.
 C = Inter-level travel time spent in this place.
 D = Time resting spent in this place.
 E = Time spent auto-exploring this place.
 F = Levels seen in this place.
 G = Mean time per level.
                   A        B        C        D        E       F      G
               +--------+--------+--------+--------+--------+-----+--------+
         Total |   2448 |   2413 |     35 |      0 |   2149 |   3 |  816.0 |
       Dungeon |   2315 |   2280 |     35 |      0 |   2060 |   2 | 1157.5 |
         Abyss |    133 |    133 |      0 |      0 |     89 |   1 |  133.0 |
               +--------+--------+--------+--------+--------+-----+--------+

Top non-repeatable levels by time:
     D:1: 2156 daAuts
     D:2: 158 daAuts
 Abyss:1: 133 daAuts
